Match 44688505
Unlisted

Match 44688505
End
Construct Barracks
Selects Advanced Infantry Battlegroup
Riflemen Squad
M1 Mortar Team
Riflemen Squad
Grenade Package
Riflemen Squad
Infantry Support Center
Selects Convert to Ranger Squad
Selects Frontline Medical Station
Frontline Medical Station
Engineer Squad
Advanced Logistics
Selects Ammunition Storage
Construct Weapon Support Center
Convert to Ranger Squad
M3 Armored Personnel Carrier
Selects Ranger Weapon Training
M1919 Machine Gun Team
Convert to Ranger Squad
Construct Tank Depot
M4(105) Sherman Bulldozer
Engineer Squad
Survival Training
Engineer Squad
Ranger Squad
Ranger Squad
Frontline Medical Station
Engineer Squad
M18 Hellcat Tank Destroyer
M18 Hellcat Tank Destroyer
(KCC)MGfirst
Sebulous
Crazybug
밥똥콯
LOS DIABLES DEL RIOCON LECHE
vincent
wing
Spacejelly
0
0

Comments sign in to comment!

No comments posted yet!